 Dungeon Crawl Stone Soup version 0.24.0-3-g28a8eb0610 (webtiles) character file.

Game seed: 12175755661438663542, levelgen mode: deterministic

103 Acheron the Chucker (level 4, -1/42 HPs)
             Began as a Troll Hunter on Nov 1, 2019.
             Slain by a bullfrog (5 damage)
             ... in a sewer.
             The game lasted 00:12:38 (2221 turns).

Acheron the Chucker (Troll Hunter)                  Turns: 2221, Time: 00:12:39

Health: -1/42      AC:  6    Str: 25    XL:     4   Next: 51%
Magic:  3/3        EV: 10    Int:  7    God:
Gold:   80         SH:  0    Dex: 15    Spells: 3/3 levels left

rFire    . . .     SeeInvis .   s - +1 whip "Rojoirphu" {venom, +Inv MR- Dex+4} (curse)
rCold    . . .     Gourm    +   (no shield)
rNeg     . . .     Faith    .   b - +0 robe
rPois    .         Spirit   .   (helmet restricted)
rElec    .         Reflect  .   (no cloak)
rCorr    .         Harm     .   (gloves unavailable)
MR       .....                  (boots unavailable)
Stlth    ++........             (no amulet)
HPRegen  0.54/turn              (no ring)
MPRegen  0.08/turn              (no ring)

@: mighty
A: large, unfitting armour, claws 3, fast metabolism 3, gourmand, regeneration
1, shaggy fur 1, tough skin 3
a: Evoke Invisibility


You were in a sewer.
You were very full.

You visited 1 branch of the dungeon, and saw 5 of its levels.
You also visited: Sewer.

You collected 80 gold pieces.

Inventory:

Hand Weapons
 a - a +0 short sword
 p - a cursed +0 battleaxe
 s - the cursed +1 whip "Rojoirphu" (weapon) {venom, +Inv MR- Dex+4}
   (You found it in a sewer)

   It poisons the flesh of those it strikes.
   It affects your dexterity (+4).
   It affects your resistance to hostile enchantments.
   It lets you turn invisible.
   It has a curse placed upon it.
Missiles
 c - 5 large rocks (quivered)
 d - 2 throwing nets
 g - 9 sling bullets
 l - 4 javelins
 m - 6 boomerangs
 q - 18 stones
Armour
 b - a +0 robe (worn)
Scrolls
 e - 2 scrolls of magic mapping
 i - 2 scrolls of teleportation
Potions
 h - 2 potions of mutation {unknown}
 j - a potion of might
 k - a potion of brilliance {unknown}
Comestibles
 f - 10 rations
 r - 2 chunks of flesh


   Skills:
 * Level 2.2 Fighting
 + Level 1.5 Short Blades
 * Level 4.0 Throwing
 * Level 2.1 Dodging
 * Level 1.1 Stealth


You had 3 spell levels left.
You didn't know any spells.
Your spell library was empty.

Dungeon Overview and Level Annotations

Branches:
Dungeon (5/15)              Sewer (1/1)
 Temple: D:4-7

Altars:

Shops:
D:4 (

Annotations:
D:3 3 runed translucent doors, Terence; alive's ghost, amateur HuTm


Innate Abilities, Weirdness & Mutations

You are too large for most types of armour.
You have claws for hands.
Your metabolism is lightning-fast.
You like to eat raw meat.
Your natural rate of healing is unusually fast.
You are covered in fur. (AC +1)
You have extremely tough skin. (AC +3)


Message History

The bullfrog closely misses you. The bullfrog hits you.
You closely miss the bullfrog.
The bullfrog is moderately wounded.
The bullfrog barely misses you.
The bullfrog hits you but does no damage.
The bullfrog hits you.
You hit the bullfrog.
The bullfrog is heavily wounded.
The bullfrog closely misses you. The bullfrog hits you!
* * * LOW HITPOINT WARNING * * *
The bullfrog closely misses you. x2
You barely miss the bullfrog. The bullfrog barely misses you.
The bullfrog hits you!
* * * LOW HITPOINT WARNING * * *
It was a potion of might.
You feel very mighty all of a sudden. The bullfrog closely misses you.
The bullfrog hits you but does no damage.
The bullfrog hits you.
You die...

#.# ≈≈≈≈≈###.≈≈≈.##.≈.#
#.#
##≈≈≈≈≈≈≈≈#.≈≈≈.##.≈≈#
#.#
##≈≈≈≈≈≈≈≈≈#.≈≈≈.##.≈.#
#.#
#≈≈≈≈≈≈≈≈≈≈≈.≈≈≈.###÷##
#.# #≈≈≈≈≈≈≈≈≈≈≈.≈≈≈.#
#.# #.#
##≈≈≈≈.≈≈≈≈≈≈.≈≈≈.# #.#
#.# #≈≈≈≈≈≈.≈≈≈≈≈.≈≈≈.#
#∩# #.#
#≈≈≈≈..F≈≈≈≈≈≈≈≈≈.# #.#
#.# #≈≈≈≈.$F@.≈≈≈≈≈≈≈.#
#∩# #.#
#≈≈≈≈≈..≈≈≈≈≈≈≈≈≈.# #.#
#.# #≈≈≈≈≈≈.≈≈≈≈≈≈≈≈≈.#
### #.#
#≈≈≈≈..≈≈≈≈≈≈≈≈≈≈.# #≈#
##≈≈≈.≈..≈.≈≈≈≈≈≈.# #.#
#≈≈∩.≈.≈≈≈≈≈≈≈≈≈.# #.#
#≈≈≈≈≈≈≈≈≈≈≈≈≈≈≈.# #≈#
##≈≈≈≈≈≈≈≈≈≈≈≈≈≈.# #≈#
#≈≈≈≈≈≈≈≈≈≈≈≈≈≈.#


You could see 2 bullfrogs.

Vanquished Creatures
  3 adders
  An ooze (D:1)
  4 worms (D:2)
  2 dart slugs
  4 leopard geckos
  7 bats
  4 giant cockroaches (Sewer)
  3 goblins
  7 kobolds
  A quokka (D:5)
  6 ball pythons
  9 frilled lizards
  7 rats
58 creatures vanquished.

Notes
Turn   | Place    | Note
-------+----------+-------------------------------------------
     0 | D:1      | Acheron the Troll Hunter began the quest for the Orb.
     0 | D:1      | Reached XP level 1. HP: 19/19 MP: 0/0
   166 | D:2      | Reached XP level 2. HP: 19/28 MP: 1/1
   725 | D:1      | Reached XP level 3. HP: 32/35 MP: 2/2
   968 | D:3      | Noticed Terence
   995 | D:2      | Reached skill level 1 in Short Blades
  1479 | D:3      | Found a runed translucent gate.
  1480 | D:3      | Found a runed translucent gate.
  1492 | D:3      | Found a runed translucent gate.
  1495 | D:3      | Noticed alive's ghost (amateur HuTm)
  1653 | D:2      | Reached skill level 1 in Stealth
  1653 | D:2      | Reached XP level 4. HP: 42/42 MP: 3/3
  1809 | D:4      | Found Vimugic's Antique Weapon Boutique.
  1855 | D:5      | Entered Level 5 of the Dungeon
  1857 | D:5      | Found a glowing drain.
  1903 | Sewer    | Entered a sewer
  2022 | Sewer    | Reached skill level 4 in Throwing
  2208 | Sewer    | Noticed a bullfrog
  2210 | Sewer    | Noticed a bullfrog
  2213 | Sewer    | Got a crystal whip
  2216 | Sewer    | Identified the cursed +1 whip "Rojoirphu" {venom, +Inv MR-
                  | Dex+4} (You found it in a sewer)
  2221 | Sewer    | Slain by a bullfrog

Levels and vault maps discovered:
D:1:      onia_arrival_pyramid, layout_loops_ring
D:2:      layout_loops_ring, kennysheep_doodads
D:3:      layout_basic, chequers_ecumenical_altar_grove, first_ration,
          gammafunk_ghost_split, uniq_terence
D:4:      layout_basic, serial_shops, shop, kennysheep_mini, shop_coins, shop,
          uniq_edmund
D:5:      layout_basic, cheibrodos_sewer_entry_sluice
Sewer:    sewer_frog_island_01

Skill      XL: |  1  2  3  4 |
---------------+-------------+-----
Short Blades   | 1 |  1.5
Fighting       | 2 |  2.2
Dodging        | 2 |  2.1
Stealth        | 1 |  1.1
Throwing       | 4 |  4.0

Action                   |  1- 3 |  4- 6 || total
-------------------------+-------+-------++-------
Melee: Short sword       |   161 |    71 ||   232
       Whip              |       |     4 ||     4
Throw: Large rock        |     3 |       ||     3
  Use: Scroll            |     3 |     2 ||     5
       Potion            |       |     1 ||     1
 Stab: Sleeping          |     1 |       ||     1
  Eat: Chunk             |    20 |     5 ||    25
Armor: Robe              |    67 |    47 ||   114
Dodge: Dodged            |    75 |    69 ||   144
